 Dungeon Crawl Stone Soup version 0.31-a0-176-g91f28db67f (webtiles) character file.

Game seed: 15635038892956270656

155 qw the Shooter (level 5, 0/49 HPs)
             Began as a Naga Hunter on June 17, 2023.
             Succumbed to a scorpion's poison
             ... on level 3 of the Dungeon.
             The game lasted 00:00:23 (1236 turns).

qw the Shooter (Naga Hunter)                        Turns: 1236, Time: 00:00:24

Health: 0/49       AC:  3    Str: 13    XL:     5   Next: 37%
Magic:  5/5        EV:  9    Int: 10    God:
Gold:   71         SH:  0    Dex: 16    Spells: 4/4 levels left

rFire   . . .        a - +0 shortbow
rCold   . . .        (shield currently unavailable)
rNeg    . . .        c - +0 leather armour
rPois   +            (no helmet)
rElec   .            (no cloak)
rCorr   .            (no gloves)
SInv    +            (no barding)
Will    .....        (no amulet)
Stlth   ++           (no ring)
HPRegen 0.28/turn    (no ring)
MPRegen 0.09/turn

%: no passive effects
@: lethally poisoned (0 -> -5), short of breath, very slow
A: AC +1, large, see invisible, deformed body, poison resistance, slowness 2,
spit poison 1, naga tail 1
a: Spit Poison


You were on level 3 of the Dungeon.
You visited 1 branch of the dungeon, and saw 3 of its levels.

You collected 71 gold pieces.


Innate Abilities, Weirdness & Mutations

Your serpentine skin is tough. (AC +1)
You have supernaturally acute eyesight. (SInv)
Armour fits poorly on your strangely shaped body.
Your system is resistant to poisons. (rPois)
You cover ground very slowly.
You can spit poison.
You have a snake-like lower body.


   Skills:
 - Level 3.0 Fighting
 + Level 5.5 Ranged Weapons
 - Level 1.5 Dodging
 - Level 1.5 Stealth


You had 4 spell levels left.
You didn't know any spells.
Your spell library was empty.

Inventory:

Hand Weapons
 a - a +0 shortbow (weapon)
Armour
 c - a +0 leather armour (worn)
Scrolls
 b - 3 scrolls of identify {unknown}
 j - a scroll of vulnerability {unknown}
Potions
 d - a potion of cancellation {unknown}
 e - a potion of might {unknown}
 f - a potion of curing
 g - a potion of haste {unknown}
 h - a potion of enlightenment {unknown}
 i - a potion of mutation {unknown}
 k - a potion of magic {unknown}

Dungeon Overview and Level Annotations

Branches:
Dungeon (3/15)

Altars:


Message History

You shoot an arrow.
The arrow hits the scorpion but does no damage.
The scorpion stings you.
You shoot an arrow.
The arrow hits the scorpion but does no damage.
The scorpion stings you.
You shoot an arrow. The arrow hits the scorpion.
The scorpion is moderately wounded.
The scorpion stings you.
You are poisoned.
The scorpion poisons you!
You shoot an arrow. The arrow hits the scorpion.
The scorpion is severely wounded.
You have got your breath back.
You feel sick. The scorpion stings you. x2
1232 ||| INVOKING Spit Poison.
Aiming: Spit Poison (1% risk of failure)
Press: ? - help, Shift-Dir - straight line, f/p - scorpion The splash of poison hits the scorpion but does no damage.
The scorpion is poisoned.
The scorpion is severely wounded.
You feel sick. The scorpion stings you.
You are more poisoned.
The scorpion poisons you!
You shoot an arrow. The arrow barely misses the scorpion.
You feel very sick.
You hear a shout!
The scorpion stings you.
A kobold comes into view. It is wielding a +0 short sword.
You hear a shout!
You shoot an arrow.
The arrow hits the scorpion but does no damage.
The scorpion is almost dead.
You feel sick. The scorpion stings you. The scorpion barely misses you.
You shoot an arrow. The arrow hits the scorpion.
You kill the scorpion!
You feel sick.
You have reached level 5!
You shoot an arrow. The arrow closely misses the kobold.
You die...

#.##.........####
...##...........#
.# #...###...##.#
#.#####...# ..#
.###.........# .#
.)...........# ..
.............#
#.).........#
..##))@.....#
#........#
#K........).
....$......##
####..###.....
#### ..### ...#
.#


You could see a kobold.

Vanquished Creatures
  A scorpion (D:3)
  Jessica (D:2)
  Terence (D:2)
  An adder (D:2)
  A dart slug (D:2)
  4 orcs (D:3)
  4 goblins
  A hobgoblin (D:1)
  2 jackals (D:1)
  3 quokkas
  5 ball pythons
  2 bats (D:1)
  2 frilled lizards (D:1)
  3 kobolds
  4 rats
35 creatures vanquished.

Notes
Turn   | Place    | Note
-------+----------+-------------------------------------------
     0 | D:1      | qw the Naga Hunter began the quest for the Orb.
     0 | D:1      | Reached XP level 1. HP: 19/19 MP: 1/1
     0 | D:1      | 0 ||| qw: Version: 0.3-a-5-g6f28e65
     0 | D:1      | 0 ||| qw: Game counter: 486
     0 | D:1      | 0 ||| qw: Always use a shield: true
     0 | D:1      | 0 ||| qw: God list: Okawaru
     0 | D:1      | 0 ||| qw: Allow faded altars: false
     0 | D:1      | 0 ||| qw: Do Orc after D:15 true
     0 | D:1      | 0 ||| qw: Do second Lair branch before Depths: true
     0 | D:1      | 0 ||| qw: Lair rune preference: random
     0 | D:1      | 0 ||| qw: Plans: Normal
     0 | D:1      | 0 ||| PLANNING D:1-11
    29 | D:1      | 29 ||| INVOKING Spit Poison.
    42 | D:1      | 42 ||| INVOKING Spit Poison.
    51 | D:1      | 51 ||| INVOKING Spit Poison.
    59 | D:1      | 59 ||| INVOKING Spit Poison.
    72 | D:1      | 72 ||| INVOKING Spit Poison.
    73 | D:1      | Reached skill level 4 in Ranged Weapons
    73 | D:1      | Reached XP level 2. HP: 26/26 MP: 2/2
    93 | D:1      | 93 ||| INVOKING Spit Poison.
    96 | D:1      | 96 ||| INVOKING Spit Poison.
   104 | D:1      | 104 ||| INVOKING Spit Poison.
   214 | D:1      | 214 ||| INVOKING Spit Poison.
   223 | D:1      | 223 ||| INVOKING Spit Poison.
   228 | D:1      | 228 ||| INVOKING Spit Poison.
   246 | D:1      | 246 ||| INVOKING Spit Poison.
   292 | D:1      | 292 ||| INVOKING Spit Poison.
   692 | D:1      | 692 ||| DRINKING 2 silvery potions.
   693 | D:1      | 693 ||| DROPPING scroll of butterflies.
   714 | D:2      | 714 ||| INVOKING Spit Poison.
   745 | D:2      | Noticed Jessica
   746 | D:2      | 746 ||| Stepping ~*~*~tactically~*~*~ (outnumbered).
   748 | D:2      | 748 ||| Stepping ~*~*~tactically~*~*~ (outnumbered).
   749 | D:2      | 749 ||| INVOKING Spit Poison.
   751 | D:2      | Killed Jessica
   752 | D:2      | Reached XP level 3. HP: 19/32 MP: 3/3
   755 | D:2      | 755 ||| INVOKING Spit Poison.
   756 | D:2      | HP: 8/32 [poisoned by an adder]
   757 | D:2      | Reached skill level 5 in Ranged Weapons
   757 | D:2      | Reached XP level 4. HP: 9/39 MP: 4/4
   758 | D:2      | HP: 1/39 [kobold/+0 short sword (4)]
   760 | D:2      | 760 ||| INVOKING Spit Poison.
   957 | D:2      | Noticed Terence
   959 | D:2      | 959 ||| INVOKING Spit Poison.
   965 | D:2      | 965 ||| INVOKING Spit Poison.
   969 | D:2      | Killed Terence
  1126 | D:2      | 1126 ||| INVOKING Spit Poison.
  1177 | D:2      | You fall into a shaft and drop 1 floor!
  1198 | D:3      | 1198 ||| INVOKING Spit Poison.
  1203 | D:3      | 1203 ||| INVOKING Spit Poison.
  1208 | D:3      | 1208 ||| INVOKING Spit Poison.
  1214 | D:3      | 1214 ||| INVOKING Spit Poison.
  1224 | D:3      | Noticed a scorpion
  1225 | D:3      | Reached skill level 3 in Fighting
  1226 | D:3      | 1226 ||| INVOKING Spit Poison.
  1232 | D:3      | 1232 ||| INVOKING Spit Poison.
  1233 | D:3      | HP: 10/42 [scorpion (6)]
  1234 | D:3      | HP: 3/42 [scorpion (5)]
  1235 | D:3      | Killed a scorpion
  1236 | D:3      | Reached XP level 5. HP: 2/49 MP: 5/5
  1236 | D:3      | Succumbed to a scorpion's poison

Levels and vault maps discovered:
D:1:      nzn_arrival_depleted_hourglass, layout_basic,
          dreamdust_mushroom_princess, grunt_decor_clamped
D:2:      cheibrodos_greedy_goblins, layout_loops_cross, chequers_big_river,
          minmay_misc_feat_columns, kennysheep_generic_room_13, uniq_terence,
          uniq_jessica
D:3:      layout_rooms

Skill      XL: |  1  2  3  4 |
---------------+-------------+-----
Ranged Weapons | 4 5 |  5.5
Fighting       | 3 |  3.0
Dodging        | |  1.5
Stealth        | |  1.5

Action                     |  1- 3 |  4- 6 || total
---------------------------+-------+-------++-------
   Fire: Shortbow          |    24 |    40 ||    64
Ability: Spit Poison       |    16 |    10 ||    26
    Use: Potion            |     1 |       ||     1
 Armour: Leather armour    |     4 |     3 ||     7
  Dodge: Dodged            |     5 |     5 ||    10

Table legend:
 A = Non-vault XP
 B = Vault XP
 C = Vault XP percentage of total XP
 D = Non-vault monster count
 E = Vault monster count
 F = Vault count percentage of total count
                 A         B        C        D         E       F
            +---------+---------+-------+---------+---------+-------
      Total |     149 |      73 |  32.9 |      33 |       2 |   5.7
            +---------+---------+-------+---------+---------+-------
        D:1 |      31 |       0 |   0.0 |      20 |       0 |   0.0
        D:2 |      21 |      73 |  77.7 |       5 |       2 |  28.6
        D:3 |      97 |       0 |   0.0 |       8 |       0 |   0.0
            +---------+---------+-------+---------+---------+-------
